 Dungeon Crawl Stone Soup version 0.25.1-2-g60ff931df9 (webtiles) character file.

Game seed: 17028937774264657682

162103 gruber the Minotaur Blade (level 17, -19/140 HPs)
             Began as a Minotaur Fighter on Dec 2, 2020.
             Was the Champion of Okawaru.
             Demolished by a naga warrior
             ... wielding a +0 long sword of electrocution
              (20 damage)
             ... on level 2 of the Snake Pit on Dec 3, 2020.
             The game lasted 00:40:25 (34380 turns).

gruber the Minotaur Blade (Minotaur Fighter)       Turns: 34380, Time: 00:40:26

Health: -19/140    AC: 24    Str: 29    XL:     17   Next: 21%
Magic:  0/21       EV: 13    Int:  7    God:    Okawaru [******]
Gold:   2958       SH: 17    Dex:  8    Spells: 16/16 levels left

rFire    + . .     SeeInvis +   W - +9 falchion "Raisin" {protect, Str+2 Int+2 Dex-3}
rCold    + . .     Gourm    .   Z - +0 kite shield {rC+}
rNeg     + + +     Faith    .   d - +2 scale mail {rPois}
rPois    +         Spirit   +   (helmet restricted)
rElec    .         Reflect  .   V - +0 cloak {rF+}
rCorr    .         Harm     .   q - +0 pair of gloves {archery}
MR       +....                  (no boots)
Stlth    +.........             U - amulet of guardian spirit
HPRegen  0.33/turn              t - ring of positive energy
MPRegen  0.17/turn              J - ring "Samatat" {rN++ SInv}

@: lethally poisoned (-19 -> -20), heroism, protection aura, constricted
A: retaliatory headbutt, horns 2
a: Heroism, Finesse, Renounce Religion


You were on level 2 of the Snake Pit.
You worshipped Okawaru.
Okawaru was exalted by your worship.
You were not hungry.

You visited 5 branches of the dungeon, and saw 26 of its levels.
You also visited: Volcano.

You collected 3704 gold pieces.
You spent 746 gold pieces at shops.

Inventory:

Hand Weapons
 c - a +2 double sword of electrocution
 T - the +8 falchion "Uvoam" {flame, rC+ Dex+3}
   (You found it on level 12 of the Dungeon)

   It has been specially enchanted to burn those struck by it, causing extra
   injury to most foes and up to half again as much damage against particularly
   susceptible opponents.
   Big, fiery blades are also staple armaments of hydra-hunters.
   It affects your dexterity (+3).
   It protects you from cold.
 W - the +9 falchion "Raisin" (weapon) {protect, Str+2 Int+2 Dex-3}
   (Okawaru gifted it to you on level 1 of the Lair of Beasts)

   It grants its wielder temporary protection when it strikes (+7 to AC).
   It affects your strength (+2).
   It affects your intelligence (+2).
   It affects your dexterity (-3).
Missiles
 a - 8 silver javelins
 n - 38 poisoned darts
 H - 16 javelins (quivered)
Armour
 d - a +2 scale mail of poison resistance (worn)
 q - a +0 pair of gloves of archery (worn)
 y - the +8 chain mail of Devotion {rC+ rN+}
   (You found it on level 4 of the Dungeon)

   It protects you from cold.
   It protects you from negative energy.
 V - a +0 cloak of fire resistance (worn)
 Z - a +0 kite shield of cold resistance (worn)
Jewellery
 t - a ring of positive energy (left hand)
 J - the ring "Samatat" (right hand) {rN++ SInv}
   (You found it on level 8 of the Dungeon)

   [ring of see invisible]

   It greatly protects you from negative energy.
   It lets you see invisible.
 U - an amulet of guardian spirit (around neck)
Wands
 b - a wand of flame (65)
 F - a wand of iceblast (27)
 G - a wand of polymorph (20)
 O - a wand of random effects (27)
 P - a wand of clouds (3)
 Q - a wand of enslavement (10)
 S - a wand of paralysis (4)
 Y - a wand of acid (7)
Scrolls
 e - 6 scrolls of teleportation
 g - 6 scrolls of enchant armour
 h - 2 scrolls of noise
 k - 2 scrolls of vulnerability {unknown}
 m - 3 scrolls of magic mapping {unknown}
 p - 5 scrolls of amnesia
 r - 3 scrolls of immolation
 u - 6 scrolls of fog
 v - 2 scrolls of silence {unknown}
 A - a scroll of enchant weapon
 B - 7 scrolls of fear
 K - 3 scrolls of blinking {unknown}
 M - 5 scrolls of remove curse
 R - 11 scrolls of identify
Potions
 i - 6 potions of curing
 j - 6 potions of berserk rage
 l - 3 potions of heal wounds
 o - 2 potions of magic
 s - 6 potions of resistance {unknown}
 w - 3 potions of lignification
 x - 5 potions of might
 z - 4 potions of brilliance {unknown}
 C - 3 potions of haste {unknown}
 D - 2 potions of ambrosia {unknown}
 E - 9 potions of degeneration
 I - 4 potions of stabbing {unknown}
 L - 3 potions of flight {unknown}
 N - 3 potions of cancellation {unknown}
Comestibles
 f - 57 rations


   Skills:
 - Level 10.0(15.0) Fighting
 - Level 22.0(27) Long Blades
 - Level 9.0(14.0) Throwing
 * Level 14.7(19.7) Armour
 - Level 8.1(13.1) Dodging
 - Level 17.0(22.0) Shields
 - Level 7.0 Invocations


You had 16 spell levels left.
You didn't know any spells.
Your spell library contained the following spells:

 Spells                   Type           Power        Failure   Level  Hunger
 Animate Skeleton         Necr           N/A          58%         1    ##.....
 Apportation              Tloc           #.....       58%         1    ##.....
 Corona                   Hex            #......      58%         1    ##.....
 Magic Dart               Conj           #...         58%         1    ##.....
 Shock                    Conj/Air       #...         58%         1    ##.....
 Summon Butterflies       Summ           #.......     58%         1    ##.....
 Summon Small Mammal      Summ           #...         58%         1    ##.....
 Blink                    Tloc           N/A          73%         2    ###....
 Call Imp                 Summ           #.......     73%         2    ###....
 Poisonous Vapours        Pois/Air       #.....       73%         2    ###....
 Slow                     Hex            #.......     73%         2    ###....
 Swiftness                Chrm/Air       #.......     73%         2    ###....
 Call Canine Familiar     Summ           #.......     91%         3    ####...
 Conjure Flame            Conj/Fire      #.......     91%         3    ####...
 Mephitic Cloud           Conj/Pois/Air  #.......     91%         3    ####...
 Static Discharge         Conj/Air       #.......     91%         3    ####...
 Airstrike                Air            #.........   100%        4    #####..
 Cause Fear               Hex            #.........   100%        4    #####..
 Summon Ice Beast         Ice/Summ       #.......     100%        4    #####..
 Lightning Bolt           Conj/Air       #.........   100%        5    ######.
 Silence                  Hex/Air        #.........   100%        5    ######.
 Summon Mana Viper        Hex/Summ       #.......     100%        5    ######.
 Yara's Violent Unravell  Hex/Tmut       #.........   100%        5    ######.
 Freezing Cloud           Conj/Ice/Air   #.........   100%        6    #######
 Ring of Flames           Chrm/Fire      #.........   100%        7    #######
 Summon Hydra             Summ           #.........   100%        7    #######
 Discord                  Hex            #.........   100%        8    #######


Dungeon Overview and Level Annotations

Branches:
Dungeon (15/15)            Temple (1/1) D:6            Lair (6/6) D:11
 Shoals (0/4) Lair:4        Snake (2/4) Lair:3        Slime (0/5) Lair:5
    Orc (2/2) D:9             Elf (0/3) Orc:2        Vaults (0/5) D:14
 Depths (0/5) D:15        Volcano (visited)

Altars:
Ashenzari
Dithmenos
Fedhas
Gozag
Kikubaaqudgha
Makhleb
Okawaru
Qazlal
Ru
Sif Muna
Trog
Uskayaw
Vehumet
Wu Jian
Xom
Yredelemnul
Zin
Beogh
Jiyva

Shops:
D:6 *   Orc:2 !([}*

Annotations:
D:4 1 runed translucent door, SamuraiZach's ghost, amateur DrGl
D:5 1 runed translucent door
D:14 1 runed translucent door, Qymaymp's ghost, adept GrEE


Innate Abilities, Weirdness & Mutations

You reflexively headbutt those who attack you in melee.
You have a pair of horns on your head.


Message History

You feel sick. You block the naga warrior's attack.
* * * LOW HITPOINT WARNING * * *
The naga warrior constricts you. You block the naga's attack.
Unknown command.
Unknown command.
Unknown command.
You slice the naga warrior!! You headbutt the naga warrior.
The naga warrior is moderately wounded.
You block the naga's attack.
Unknown command.
Unknown command.
You slash the naga warrior!
The naga warrior is heavily wounded.
The naga spits poison at you.
The splash of poison hits you but does no damage.
You resist.
The naga warrior hits you with a +0 long sword of electrocution!
* * * LOW HITPOINT WARNING * * *
You are electrocuted!!
You die...

#..###...####..8).)..8.#
###......## ##....>....#
..).....## ##.......##
#..##.....## ####.....###
#..##....#.####.(#######.# #
#..#.....##N†....###...#.#
.##...........##N)((##.....#
........###...##.)...(.(...#####.
........##....##@N...(##.........
.....##.NN.....#N....###.....###.
.....##.N####........###.....##
........####..........##....#.#
.N....#(.........>.........##.##
.......#..................####.##
.....................).....###...
..N?##.................>##..#..##
.... #..................###.....#


You could see a naga warrior and 2 nagas.

Vanquished Creatures
  Rupert (D:12)
  Gastronok (D:8)
  Kirke (D:15)
  A nagaraja (Snake:2)
  A dire elephant (Lair:6)
  An ettin (D:15)
  Snorg (Lair:3)
  Josephine (D:15)
  Erolcha (D:9)
  An ice dragon (Lair:6)
  Harold (D:9)
  14 hydras
  7 naga warriors
  3 catoblepae
  2 death knights
  A centaur warrior (D:12)
  7 anacondas
  22 two-headed ogres
  12 death yaks
  4 naga sharpshooters (Snake:2)
  5 ogre magi
  A hell knight (Volcano)
  4 tengu warriors
  Urug (D:12)
  3 shock serpents
  2 slime creatures
  A sun demon (Volcano)
  A salamander mystic (Snake:2)
  2 deep trolls (Orc:2)
  2 unseen horrors
  2 naga ritualists
  Pikel (D:6)
  2 orc knights
  A deep elf mage (D:15)
  A lindwurm (Lair:6)
  3 phantasmal warriors (D:12)
  5 mana vipers
  2 necromancers (D:14)
  2 wizards (D:14)
  5 salamanders (Snake:2)
  6 manticores
  23 ugly things
  2 orc sorcerers (D:15)
  5 cyclopes
  A centaur zombie (D:14)
  A guardian serpent (Snake:2)
  A molten gargoyle (Volcano)
  22 black mambas
  Joseph (D:8)
  11 elephants
  5 naga magi
  2 gargoyles
  2 torpor snails
  7 komodo dragons
  7 spiny frogs
  A kobold demonologist (D:8)
  An efreet (D:15)
  2 freezing wraiths
  10 trolls
  A red devil (Volcano)
  A tengu conjurer (D:15)
  2 hornets (Lair:6)
  9 polar bears (Lair:6)
  11 hippogriffs
  2 raiju (Lair:6)
  7 dream sheep
  14 blink frogs
  Sigmund (D:2)
  A shadow (D:13)
  2 wyverns
  2 hogs (D:15)
  2 basilisks
  8 fire bats
  41 yaks
  A water elemental (D:14)
  7 wraiths
  Grum (D:8)
  6 vampire mosquitoes
  4 hungry ghosts
  A steam dragon (D:12)
  7 wargs
  15 nagas
  2 soldier ants
  19 water moccasins
  13 porcupines
  17 hell hounds
  A hornet zombie (D:12)
  A phantom (D:7)
  16 black bears
  4 ice beasts
  3 eyes of draining
  An eye of draining (shapeshifter) (D:15)
  A slave (D:6)
  A necrophage (D:10)
  21 orc warriors
  6 sky beasts
  38 ogres
  19 centaurs
  29 wolves
  2 big kobolds
  14 crocodiles
  23 bullfrogs
  3 scorpions
  A killer bee (D:8)
  4 howler monkeys
  11 wights
  3 electric eels
  9 lava snakes
  6 crimson imps
  A bullfrog zombie (D:12)
  3 jellies
  26 orc wizards
  A quasit (D:8)
  4 bullfrog skeletons
  7 hounds
  13 orc priests
  2 centaur skeletons (D:8)
  2 human skeletons (D:5)
  4 hell rats (Lair:3)
  Terence (D:2)
  An iguana (D:11)
  10 worker ants
  2 worker ant zombies
  3 gnolls (D:8)
  24 adders
  5 river rats (Lair:3)
  3 shadow imps
  3 white imps (Lair:6)
  An adder skeleton (D:4)
  An adder zombie (D:5)
  2 worms
  7 leopard geckos
  90 orcs
  3 ball pythons
  3 giant cockroaches
  15 goblins
  7 hobgoblins
  7 jackals
  6 quokkas
  5 bats
  3 frilled lizards
  A jackal skeleton (D:4)
  A jackal zombie (D:9)
  9 kobolds
  A kobold zombie (D:5)
  A leopard gecko zombie (D:9)
  A quokka skeleton (D:4)
  9 rats
  2 fungi (D:11)
943 creatures vanquished.

Vanquished Creatures (others)
  2 humans (D:15)
  A hell hound (Volcano)
  A slave (D:6)
  A worker ant (D:8)
  8 fungi
  14 plants
  4 toadstools (D:6)
  A withered plant (D:4)
32 creatures vanquished.

Grand Total: 975 creatures vanquished

Notes
Turn   | Place    | Note
-------+----------+-------------------------------------------
     0 | D:1      | gruber the Minotaur Fighter began the quest for the Orb.
     0 | D:1      | Reached XP level 1. HP: 19/19 MP: 0/0
    68 | D:1      | Reached skill level 3 in Long Blades
    71 | D:1      | Reached XP level 2. HP: 19/26 MP: 1/1
   897 | D:2      | Reached skill level 4 in Long Blades
   902 | D:2      | Reached XP level 3. HP: 28/31 MP: 2/2
  1142 | D:2      | Noticed Sigmund
  1153 | D:2      | Killed Sigmund
  1153 | D:2      | Reached skill level 7 in Long Blades
  1153 | D:2      | Reached XP level 4. HP: 14/39 MP: 3/3
  1153 | D:2      | Reached XP level 5. HP: 16/45 MP: 4/4
  1520 | D:2      | Noticed Terence
  1528 | D:2      | Killed Terence
  1678 | D:2      | Reached XP level 6. HP: 51/51 MP: 5/5
  1779 | D:3      | Found a shattered altar of Ashenzari.
  2620 | D:4      | Reached skill level 8 in Long Blades
  2938 | D:4      | Reached skill level 9 in Long Blades
  3151 | D:4      | Reached XP level 7. HP: 53/57 MP: 6/6
  3297 | D:4      | Found a stormy altar of Qazlal.
  3505 | D:4      | Found a runed translucent door.
  3507 | D:4      | Noticed SamuraiZach's ghost (amateur DrGl)
  3704 | D:4      | Got a crude chain mail
  3705 | D:4      | Identified the +8 chain mail of Devotion {rC+ rN+} (You
                  | found it on level 4 of the Dungeon)
  3817 | D:5      | Entered Level 5 of the Dungeon
  3920 | D:5      | Reached skill level 10 in Long Blades
  3951 | D:5      | Found a runed translucent door.
  3951 | D:5      | Noticed a human
  3962 | D:5      | Found a basalt altar of Yredelemnul.
  4632 | D:5      | Reached skill level 5 in Armour
  4736 | D:6      | Found a staircase to the Ecumenical Temple.
  4747 | Temple   | Entered the Ecumenical Temple
  4872 | Temple   | Became a worshipper of Warmaster Okawaru
  4931 | D:6      | Reached XP level 8. HP: 64/64 MP: 7/7
  4978 | D:6      | Noticed Pikel
  5002 | D:6      | Killed Pikel
  5002 | D:6      | Reached * piety under Okawaru
  5050 | D:6      | Reached skill level 10 in Armour
  5371 | D:6      | Reached XP level 9. HP: 67/70 MP: 8/8
  5464 | D:6      | Found Kielyrua's Assorted Antiques.
  5538 | D:6      | Bought a scroll of identify for 32 gold pieces
  5883 | D:7      | Found a bloodstained altar of Trog.
  5883 | D:7      | Found a burning altar of Makhleb.
  5910 | D:7      | Found a glowing silver altar of Zin.
  5911 | D:7      | Found a radiant altar of Vehumet.
  5913 | D:7      | Found a stormy altar of Qazlal.
  5913 | D:7      | Found a blossoming altar of Fedhas.
  5916 | D:7      | Found a shimmering blue altar of Sif Muna.
  5917 | D:7      | Found a basalt altar of Yredelemnul.
  6425 | D:8      | Reached ** piety under Okawaru
  6500 | D:8      | Reached skill level 1 in Invocations
  6699 | D:8      | Noticed Gastronok
  6940 | D:8      | Noticed Joseph
  6942 | D:8      | Noticed a kobold demonologist
  6943 | D:8      | Noticed a cyclops
  6946 | D:8      | Noticed a sun demon
  6955 | D:8      | Killed Joseph
  6955 | D:8      | Reached skill level 5 in Invocations
  6956 | D:8      | Noticed a smoke demon
  6959 | D:8      | Killed a kobold demonologist
  6966 | D:8      | Killed a cyclops
  6966 | D:8      | Reached *** piety under Okawaru
  6966 | D:8      | Reached XP level 10. HP: 42/77 MP: 11/14
  7188 | D:8      | Reached skill level 5 in Shields
  7736 | D:8      | Got a brightly glowing tin ring
  7737 | D:8      | Identified the ring "Samatat" {rN++ SInv} (You found it on
                  | level 8 of the Dungeon)
  7748 | D:8      | Got a translucent executioner's axe
  7810 | D:8      | Noticed Grum
  7854 | D:8      | Killed Grum
  7854 | D:8      | Reached **** piety under Okawaru
  7954 | D:8      | Killed Gastronok
  7954 | D:8      | Reached skill level 10 in Shields
  8350 | D:9      | Noticed a two-headed ogre
  8357 | D:9      | Killed a two-headed ogre
  8424 | D:9      | Found a shadowy altar of Dithmenos.
  8469 | D:9      | Noticed a two-headed ogre
  8476 | D:9      | Killed a two-headed ogre
  8476 | D:9      | Reached ***** piety under Okawaru
  8476 | D:9      | Reached XP level 11. HP: 74/82 MP: 15/15
  8739 | D:9      | Found a staircase to the Orcish Mines.
  8740 | D:9      | Identified the +1 executioner's axe "Kure" {venom, +Blink}
                  | (You found it on level 8 of the Dungeon)
  8878 | D:9      | Noticed Erolcha
  8889 | D:9      | Killed Erolcha
  9248 | D:9      | Noticed Harold
  9266 | D:9      | Killed Harold
  9966 | D:10     | Entered Level 10 of the Dungeon
 11358 | D:11     | Reached skill level 10 in Fighting
 11383 | D:11     | Noticed a five-headed hydra
 11400 | D:11     | Killed a five-headed hydra
 11569 | D:11     | Reached skill level 11 in Long Blades
 11691 | D:11     | Found a staircase to the Lair.
 11775 | D:11     | Reached ****** piety under Okawaru
 11922 | D:11     | Noticed a brown ugly thing
 11931 | D:11     | Killed a brown ugly thing
 11973 | D:11     | Reached skill level 12 in Long Blades
 11973 | D:11     | Reached XP level 12. HP: 106/106 MP: 5/16
 11982 | D:11     | Received a gift from Okawaru
 12155 | D:11     | Reached skill level 1 in Throwing
 12384 | D:11     | Received a gift from Okawaru
 12394 | D:11     | Got a twisted scimitar {god gift}
 12395 | D:11     | Identified the +4 scimitar of the Devouring Seeker {freeze,
                  | Fragile rElec rPois Str+2} (Okawaru gifted it to you on
                  | level 11 of the Dungeon)
 12863 | D:11     | Noticed a seven-headed hydra
 12875 | D:11     | Killed a 13-headed hydra
 12875 | D:11     | Reached skill level 5 in Throwing
 13051 | D:12     | Got a brightly glowing falchion
 13052 | D:12     | Identified the +8 falchion "Uvoam" {flame, rC+ Dex+3} (You
                  | found it on level 12 of the Dungeon)
 13173 | D:12     | Noticed Urug
 13187 | D:12     | Killed Urug
 13227 | D:12     | Noticed a centaur warrior
 13229 | D:12     | Noticed Rupert
 13240 | D:12     | Noticed a five-headed hydra
 13257 | D:12     | Killed a five-headed hydra
 13385 | D:12     | Killed Rupert
 13684 | D:12     | Killed a centaur warrior
 13807 | D:12     | Noticed a death knight
 13832 | D:12     | Received a gift from Okawaru
 13832 | D:12     | Reached skill level 13 in Long Blades
 13834 | D:12     | Killed a death knight
 13835 | D:12     | Reached XP level 13. HP: 101/113 MP: 10/17
 14018 | D:12     | Found a roughly hewn altar of Beogh.
 14538 | Lair:1   | Entered Level 1 of the Lair of Beasts
 14597 | D:11     | Received a gift from Okawaru
 14963 | Lair:1   | Reached skill level 14 in Long Blades
 15188 | Lair:1   | Reached skill level 15 in Long Blades
 15882 | Lair:1   | Received a gift from Okawaru
 15885 | Lair:1   | Got a translucent falchion {god gift}
 15886 | Lair:1   | Identified the +9 falchion "Raisin" {protect, Str+2 Int+2
                  | Dex-3} (Okawaru gifted it to you on level 1 of the Lair of
                  | Beasts)
 16225 | Lair:2   | Reached skill level 16 in Long Blades
 16447 | Lair:2   | Found a dark tunnel.
 16457 | Volcano  | Entered a volcano
 17306 | Volcano  | Found a burning altar of Makhleb.
 17327 | Volcano  | Reached skill level 17 in Long Blades
 17727 | Lair:2   | Received a gift from Okawaru
 18397 | Lair:3   | Found a staircase to the Snake Pit.
 18406 | Lair:3   | Reached XP level 14. HP: 120/121 MP: 18/18
 18425 | Lair:3   | Received a gift from Okawaru
 18583 | Lair:3   | Noticed Snorg
 18598 | Lair:3   | Killed Snorg
 18606 | Lair:3   | Got an ancient marble ring
 18608 | Lair:3   | Identified the cursed ring "Viaranga" {rN+++ MP+9 AC-4
                  | Int-4} (You found it on level 3 of the Lair of Beasts)
 18909 | Lair:3   | Reached skill level 18 in Long Blades
 19625 | Lair:4   | Reached skill level 1 in Dodging
 20088 | Lair:4   | Found a staircase to the Shoals.
 20815 | Lair:5   | Received a gift from Okawaru
 20818 | Lair:5   | Reached skill level 5 in Dodging
 21310 | Lair:5   | Received a gift from Okawaru
 21960 | Lair:5   | Found a viscous altar of Jiyva.
 21961 | Lair:5   | Found a staircase to the Slime Pits.
 22040 | Lair:6   | Entered Level 6 of the Lair of Beasts
 22428 | Lair:6   | Received a gift from Okawaru
 22527 | Lair:6   | Received a gift from Okawaru
 22845 | Lair:6   | Received a gift from Okawaru
 23460 | Lair:6   | Reached XP level 15. HP: 107/126 MP: 17/19
 23754 | Lair:6   | Received a gift from Okawaru
 23873 | Lair:6   | Reached skill level 15 in Shields
 24694 | D:13     | Received a gift from Okawaru
 25693 | D:14     | You fall into a shaft and drop 1 floor!
 25693 | D:15     | Entered Level 15 of the Dungeon
 25726 | D:14     | Found a runed translucent door.
 25893 | D:14     | Found a gate to the Vaults.
 26042 | D:14     | Noticed Qymaymp's ghost (adept GrEE)
 26846 | D:14     | Reached skill level 19 in Long Blades
 26848 | D:15     | Paralysed by an orc sorcerer for 3 turns
 26853 | D:14     | Received a gift from Okawaru
 27574 | D:15     | Received a gift from Okawaru
 27933 | D:15     | Received a gift from Okawaru
 27933 | D:15     | Reached XP level 16. HP: 118/134 MP: 15/20
 27943 | D:15     | Paralysed by an ogre mage for 4 turns
 28031 | D:15     | Found a staircase to the Depths.
 28419 | D:15     | Noticed Kirke
 28431 | D:15     | Killed Kirke
 28431 | D:15     | Reached skill level 20 in Long Blades
 28506 | D:15     | Noticed Josephine
 28514 | D:15     | Killed Josephine
 28810 | Orc:1    | Entered Level 1 of the Orcish Mines
 29187 | Orc:2    | Entered Level 2 of the Orcish Mines
 29200 | Orc:2    | Found Acemiwka's Distillery.
 29211 | Orc:2    | Bought a potion of degeneration for 14 gold pieces
 29338 | Orc:2    | Found a staircase to the Elven Halls.
 29536 | Orc:1    | Received a gift from Okawaru
 29683 | Orc:1    | Received a gift from Okawaru
 30207 | Orc:2    | Reached skill level 21 in Long Blades
 30727 | Orc:2    | Found Icsux's Weapon Shoppe.
 30727 | Orc:2    | Found Wudaatyz's Antique Armour Shoppe.
 30735 | Orc:2    | Found Rilohiytt's Gadget Shop.
 30740 | Orc:2    | Found Qasiff's Assorted Antiques.
 30798 | Orc:2    | Bought a masterwork plate armour for 700 gold pieces
 30798 | Orc:2    | Identified the cursed +0 plate armour of Marbles {rC+} (You
                  | bought it in a shop on level 2 of the Orcish Mines)
 31188 | Snake:1  | Entered Level 1 of the Snake Pit
 31853 | Snake:1  | Reached skill level 22 in Long Blades
 32580 | Snake:1  | Received a gift from Okawaru
 33392 | Snake:2  | Reached XP level 17. HP: 95/140 MP: 14/21
 34380 | Snake:2  | HP: 1/140 [naga warrior/+0 long sword of electrocution
                  | (16)]
 34380 | Snake:2  | Demolished by a naga warrior

Illustrated notes

Levels and vault maps discovered:
D:1:      minmay_arrival_four_circles, layout_basic, st_stairs_6
D:2:      layout_basic, first_ration, uniq_sigmund, uniq_terence
D:3:      cheibrodos_greedy_goblins, layout_loops_ring, ashenzari_altar_1
D:4:      layout_layer_cave, gammafunk_ghost_grave, grunt_qazlal_clouds
D:5:      layout_cave_pods, minivault_27, dk_yredelemnul_ordeal
D:6:      layout_cave_pools, minmay_temple_entry_wispy, serial_shops,
          nicolae_shop_trees, minmay_gold_behind_fungi, uniq_pikel
D:7:      layout_rooms, grunt_temple_overflow_open,
          chequers_temple_overflow_statue_of_worship
D:8:      minmay_the_grid_plus [minmay_the_grid_tree, minmay_the_grid_rooms,
          minmay_the_grid_spikes, minmay_the_grid_expand,
          minmay_the_grid_prize_trominoes], layout_basic, blue_anna_alchemist
          [blue_anna_fruit_fields, blue_anna_fruit_fields],
          lemuel_flamethrower_1, uniq_joseph, uniq_grum, uniq_gastronok
D:9:      layout_layer_cave, kennysheep_mini_moat, david_orc_1_choice,
          uniq_harold, uniq_erolcha
D:10:     layout_loops_ring
D:11:     layout_basic, due_lair_maze_entry_diamond,
          kennysheep_opposing_triangles
D:12:     layout_basic, special_room [special_room_orc],
          roderic_serpentine_path, uniq_urug, uniq_rupert
D:13:     layout_roguey
D:14:     layout_loops_cross, david_vaults_1, kennysheep_minor_cross,
          ebering_ghost_reflecting_pool, minmay_diced_spiral
D:15:     hangedman_depths_entry_civil_slaughter, layout_long_grid,
          minmay_misc_feat_columns, uniq_josephine, uniq_kirke
Temple:   minmay_temple_forest_path
Lair:1:   layout_long_grid, nzn_random_ring
Lair:2:   layout_long_grid, nicolae_volcano_entry_batcave, serial_bayou_shore_a,
          serial_bayou_shore_b, infiniplex_staircase_pool_2, grunt_megastairs_1,
          serial_bayou_shore_b
Lair:3:   layout_small_grid, minmay_snake_entry_six_corridors,
          kennysheep_abandoned_house, uniq_snorg
Lair:4:   layout_cave_pods, minmay_shoals_entry_beasts, serial_bayou_shore_b
Lair:5:   layout_long_grid, dpeg_slime_entry_enclosed_altar
Lair:6:   hangedman_lair_caniforms_friends, layout_small_grid,
          hangedman_lair_in_review, bobbens_ice_dragon_lair
Snake:1:  layout_chambers
Snake:2:  layout_layer_cave, basic_altar, st_stairs_14, grunt_ministairs_9
Orc:1:    lemuel_ogre_cave, layout_diamond_mine
Orc:2:    st_orc_open, layout_caves, serial_shops, nicolae_shop_trees

Skill      XL: |  1  2  3  4  5  6  7  8  9 10 11 12 13 14 15 16 17 |
---------------+----------------------------------------------------+-----
Long Blades    | 3 4 7 9 10 12 13 17 18 19 22 | 22.0
Armour         | 6 10 12 13 14 | 14.7
Invocations    | 7 |  7.0
Shields        | 11 13 17 | 17.0
Fighting       | 10 | 10.0
Throwing       | 9 |  9.0
Dodging        | 8 |  8.1

Action                   |  1- 3 |  4- 6 |  7- 9 | 10-12 | 13-15 | 16-18 || total
-------------------------+-------+-------+-------+-------+-------+-------++-------
Melee: Long sword        |    68 |    57 |   303 |   677 |       |       ||  1105
       Headbutt          |     7 |    21 |    75 |   220 |   358 |   139 ||   820
       Dagger            |       |   114 |    43 |    12 |       |       ||   169
       Scimitar          |       |       |       |   172 |   150 |       ||   322
       Falchion          |       |       |       |       |   783 |   118 ||   901
       Double sword      |       |       |       |       |   554 |   523 ||  1077
Throw: Javelin           |       |       |     5 |    13 |    20 |    12 ||    50
Invok: Heroism           |       |       |     3 |    11 |    15 |     7 ||    36
       Finesse           |       |       |       |     3 |     2 |       ||     5
Evoke: Wand              |       |       |       |     2 |       |       ||     2
  Use: Potion            |     1 |       |       |     2 |     1 |     2 ||     6
       Scroll            |       |       |     6 |    12 |     5 |     1 ||    24
 Stab: Confused          |       |       |       |     1 |       |       ||     1
       Distracted        |       |       |       |       |     1 |       ||     1
  Eat: Chunk             |     1 |     6 |    13 |    21 |    42 |    16 ||    99
       Ration            |       |       |       |     1 |     1 |     2 ||     4
Armor: Scale mail        |    51 |    56 |     4 |       |       |    54 ||   165
       Chain mail        |       |       |   155 |   318 |   642 |    71 ||  1186
Dodge: Dodged            |    25 |    36 |    67 |   179 |   473 |   197 ||   977
Block: Kite shield       |    34 |    73 |   143 |   395 |   953 |   449 ||  2047
       Rpst.: Long sword |     8 |     6 |    20 |    29 |       |       ||    63
       Scimitar          |       |       |       |     9 |     4 |       ||    13
       Falchion          |       |       |       |       |    56 |     2 ||    58
       Double sword      |       |       |       |       |    43 |    27 ||    70
